 Dungeon Crawl Stone Soup version 0.21-a0-516-gaaff437 (webtiles) character file.

10694 Gerstahl the Fighter (level 11, -7/92 HPs)
             Began as a Demonspawn Gladiator on Dec 4, 2017.
             Was a Priest of Ashenzari.
             Mangled by a ten-headed hydra (13 damage)
             ... on level 1 of the Lair of Beasts.
             The game lasted 00:26:19 (11574 turns).

Gerstahl the Fighter (Demonspawn Gladiator)        Turns: 11574, Time: 00:26:20

Health: -7/92      AC: 18    Str: 15    XL:     11   Next: 39%
Magic:  15/15      EV: 22    Int:  9    God:    Ashenzari [***...]
Gold:   282        SH:  0    Dex: 25    Spells: 10/10 levels left

rFire    + . .     SeeInvis +   l - +2 lajatang of the Wasp {venom, +Blink rN+ Dex+2} (curse)
rCold    + . .     Gourm    .   (shield currently unavailable)
rNeg     + . .     Faith    .   b - +1 leather armour
rPois    +         Spirit   .   r - +1 helmet
rElec    +         Reflect  .   D - +0 cloak
rCorr    +         Harm     .   h - +0 pair of gloves
MR       .....                  (no boots)
Stlth    +++.......             (no amulet)
HPRegen  0.25/turn              (no ring)
MPRegen  0.14/turn              (no ring)

@: agile, resistant, sanguine armour
A: talons 2, powered by death 1, powered by pain 1, sanguine armour 2
a: Curse Item, Scrying, Renounce Religion, Evoke Blink


You were on level 1 of the Lair of Beasts.
You worshipped Ashenzari.
Ashenzari was most pleased with you.
You were not hungry.

You visited 3 branches of the dungeon, and saw 12 of its levels.

You collected 722 gold pieces.
You spent 440 gold pieces at shops.

Inventory:

Hand Weapons
 l - the cursed +2 lajatang of the Wasp (weapon) {venom, +Blink rN+ Dex+2}
   (You bought it in a shop on level 7 of the Dungeon)

   It poisons the flesh of those it strikes.
   It affects your dexterity (+2).
   It protects you from negative energy.
   It lets you blink.
   It has a curse placed upon it.
Armour
 b - a +1 leather armour (worn)
 h - a +0 pair of gloves (worn)
 r - a +1 helmet (worn)
 D - a +0 cloak (worn)
Jewellery
 x - an uncursed ring of fire
Wands
 c - a wand of polymorph (14)
 j - a wand of digging (14)
 y - a wand of random effects (10)
 E - a wand of iceblast (6)
Scrolls
 g - 3 scrolls of enchant armour
 m - 3 scrolls of magic mapping
 n - 5 scrolls of teleportation
 o - a scroll of enchant weapon {unknown}
 p - 13 scrolls of identify
 t - a scroll of fog
 A - 7 scrolls of remove curse
 I - a scroll of blinking {unknown}
Potions
 e - a potion of curing {unknown}
 q - a potion of berserk rage {unknown}
 u - 2 potions of agility {unknown}
 v - a potion of flight
 z - a potion of invisibility {unknown}
 B - 2 potions of mutation {unknown}
 F - 2 potions of ambrosia {unknown}
 G - a potion of might {unknown}
 H - a potion of brilliance
Books
 w - a book of Misfortune

   Spells                             Type                      Level
   a - Confusing Touch                Hexes                        1
   b - Confuse                        Hexes                        3
   c - Gell's Gravitas                Translocation                3
   d - Petrify                        Transmutation/Earth          4
   e - Metabolic Englaciation         Hexes/Ice                    5
   f - Yara's Violent Unravelling     Hexes/Transmutation          5
Miscellaneous
 a - a box of beasts
Comestibles
 f - 8 bread rations
 i - 5 fruits
 k - 6 meat rations
 J - 9 royal jellies


   Skills:
 + Level 10.6 Fighting
 + Level 10.0(13.6) Staves
 - Level 1.7 Throwing
 + Level 5.4 Armour
 + Level 6.2 Dodging
 + Level 5.8 Evocations


You had 10 spell levels left.
You didn't know any spells.

Dungeon Overview and Level Annotations

Branches:
Dungeon (10/15)            Temple (1/1) D:5            Lair (1/6) D:10
    Orc: D:9-12

Altars:
Ashenzari
Cheibriados
Dithmenos
Elyvilon
Fedhas
Gozag
Hepliaklqana
Kikubaaqudgha
Makhleb
Nemelex Xobeh
Okawaru
Qazlal
Ru
Sif Muna
Trog
Uskayaw
Vehumet
Wu Jian
Xom
Yredelemnul
Zin
The Shining One

Shops:
D:7 *   D:8 [   D:10 *


Innate Abilities, Weirdness & Mutations

You have razor-sharp toenails.
You regenerate a little health from kills.
You sometimes gain a little power by taking damage.
When seriously injured, your bleeding wounds create thick armour. (AC +9)


Message History

The eight-headed hydra grows two more!
You slice the ten-headed hydra!!
The ten-headed hydra is heavily wounded.
The ten-headed hydra bites you!
You focus on the pain.
You feel agile all of a sudden. The ten-headed hydra bites you!
Your blood congeals into armour.
The ten-headed hydra bites you! x2
The ten-headed hydra bites you but does no damage. x5
The ten-headed hydra barely misses you.
You feel protected. The ten-headed hydra bites you.
The ten-headed hydra barely misses you. The ten-headed hydra bites you.
The ten-headed hydra bites you! The ten-headed hydra bites you.
* * * LOW HITPOINT WARNING * * *
The ten-headed hydra bites you!
* * * LOW HITPOINT WARNING * * *
The ten-headed hydra closely misses you.
The ten-headed hydra bites you.
* * * LOW HITPOINT WARNING * * *
The ten-headed hydra bites you!
You die...

# #.##...##...#.#...............#
#.......#...##รท..<.#.....##...#
##...#.........)....#..........#
##............#........#.#..#...#
#.^.####...##.###........#..)...#
...## #######.##.)>....##.##....
.### ####..........###.##...# ##
###........#...####.###.##
##P....#..@......##..P####
#......##..D..........#
###....######...........#
##......###.#..#.#.......#
##.....#..###.......#...###
###..##P######....P.###...#
##..#####** .....##...##### ...P#
**,*#..### #...# * .####* , ,
...##.##$..##### ,


You could see a ten-headed hydra.

Vanquished Creatures
  Nergalle (Lair:1)
  Pikel (D:8)
  Maurice (D:10)
  Joseph (Lair:1)
  A spiny frog (Lair:1)
  A komodo dragon (D:10)
  A troll (D:6)
  Prince Ribbit (D:5)
  A hippogriff (D:9)
  4 blink frogs (Lair:1)
  2 hornets (D:10)
  Sigmund (D:2)
  8 yaks (D:9)
  A basilisk (Lair:1)
  2 hungry ghosts
  Grum (D:10)
  A soldier ant (D:10)
  3 water moccasins
  3 porcupines (Lair:1)
  3 orc warriors
  An eye of draining (D:10)
  3 ice beasts (D:6)
  2 sky beasts
  A necrophage (D:7)
  2 wolves (D:10)
  2 centaurs
  5 ogres
  5 bullfrogs
  3 scorpions
  A wyvern skeleton (D:9)
  4 killer bees (D:8)
  4 wights (D:10)
  A howler monkey (D:7)
  5 crimson imps
  4 bullfrog zombies
  5 hounds
  3 jellies
  An orc priest (D:3)
  2 bullfrog skeletons
  2 centaur skeletons
  12 orc wizards
  3 iguanas
  5 worker ants
  A hound skeleton (D:4)
  Robin (D:2)
  3 howler monkey skeletons
  A worker ant zombie (D:6)
  9 adders
  7 gnolls
  A shadow imp (D:8)
  3 oozes (D:1)
  An adder skeleton (D:4)
  An adder zombie (D:5)
  3 worms
  8 dart slugs
  7 leopard geckos
  42 orcs
  2 ball pythons
  9 giant cockroaches
  14 hobgoblins
  11 jackals
  2 quokkas (D:3)
  14 bats
  2 frilled lizards
  16 goblins
  2 jackal skeletons (D:4)
  5 kobolds
  4 rats
  A butterfly (D:5)
284 creatures vanquished.

Vanquished Creatures (others)
  An orc priest (D:9)
  A jackal (D:9)
  A quokka (D:9)
  2 plants (D:10)
5 creatures vanquished.

Grand Total: 289 creatures vanquished

Notes
Turn   | Place    | Note
-------+----------+-------------------------------------------
     0 | D:1      | Gerstahl the Demonspawn Gladiator began the quest for the Orb.
     0 | D:1      | Reached XP level 1. HP: 16/16 MP: 1/1
    82 | D:1      | Gained mutation: You sometimes gain a little power by taking damage. [demonic ancestry]
    82 | D:1      | Reached XP level 2. HP: 22/23 MP: 2/2
   406 | D:1      | Gained mutation: You have sharp toenails. [demonic ancestry]
   406 | D:1      | Reached XP level 3. HP: 25/28 MP: 3/3
   884 | D:2      | Reached XP level 4. HP: 23/35 MP: 4/4
  1131 | D:2      | Noticed Sigmund
  1366 | D:2      | Noticed Robin
  1375 | D:2      | Killed Robin
  1455 | D:2      | Found a glowing silver altar of Zin.
  1469 | D:2      | Noticed a hand axe
  1470 | D:2      | Noticed a dagger
  1470 | D:2      | Found a hide-covered altar of Uskayaw.
  1478 | D:2      | Killed Sigmund
  1478 | D:2      | Gained mutation: When seriously injured, your bleeding wounds create armour. (AC +9) [demonic ancestry]
  1478 | D:2      | Reached XP level 5. HP: 41/43 MP: 5/5
  1478 | D:2      | Gained mutation: When seriously injured, your bleeding wounds create thick armour. (AC +9) [demonic ancestry]
  1478 | D:2      | Reached XP level 6. HP: 47/49 MP: 6/6
  1846 | D:3      | Reached skill level 5 in Staves
  1855 | D:3      | Found a faded altar of an unknown god.
  1889 | D:3      | Reached skill level 5 in Fighting
  2323 | D:3      | Gained mutation: You have razor-sharp toenails. [demonic ancestry]
  2323 | D:3      | Reached XP level 7. HP: 49/56 MP: 7/7
  2857 | D:4      | Found a deep blue altar of Sif Muna.
  2860 | D:4      | Found an ancient bone altar of Kikubaaqudgha.
  2860 | D:4      | Found a shadowy altar of Dithmenos.
  2863 | D:4      | Found a snail-covered altar of Cheibriados.
  3608 | D:5      | Entered Level 5 of the Dungeon
  3673 | D:5      | Found a staircase to the Ecumenical Temple.
  3706 | Temple   | Entered the Ecumenical Temple
  3930 | D:5      | Found a shattered altar of Ashenzari.
  3942 | D:5      | Became a worshipper of Ashenzari the Shackled
  3979 | D:5      | Reached XP level 8. HP: 65/65 MP: 8/8
  4325 | D:5      | Noticed Prince Ribbit
  4331 | D:5      | Killed Prince Ribbit
  4989 | D:6      | Found a hazy altar of Hepliaklqana.
  5139 | D:6      | Noticed a troll
  5151 | D:6      | Killed a troll
  5359 | D:6      | Reached * piety under Ashenzari
  5873 | D:6      | Reached XP level 9. HP: 27/75 MP: 9/9
  6423 | D:7      | Found Imecwaa's Assorted Antiques.
  6932 | D:7      | Found an iron altar of Okawaru.
  6942 | D:7      | Reached skill level 1 in Armour
  6942 | D:7      | Reached skill level 1 in Evocations
  7248 | D:8      | Found Couriy's Armour Shop.
  7575 | D:8      | Reached ** piety under Ashenzari
  8481 | D:7      | Bought a polished lajatang for 440 gold pieces
  8481 | D:7      | Identified the +2 lajatang of the Wasp {venom, +Blink rN+ Dex+2} (You bought it in a shop on level 7 of the Dungeon)
  8574 | D:9      | Found a sparkling altar of Nemelex Xobeh.
  8990 | D:9      | Noticed Pikel
  9010 | D:8      | Killed Pikel
  9010 | D:8      | Gained mutation: You regenerate a little health from kills. [demonic ancestry]
  9010 | D:8      | Reached XP level 10. HP: 57/83 MP: 12/12
  9494 | D:9      | Found a shimmering altar of Xom.
  9494 | D:9      | Found a shimmering altar of Xom.
  9494 | D:9      | Found a shimmering altar of Xom.
  9495 | D:9      | Found a shimmering altar of Xom.
  9496 | D:9      | Found a shimmering altar of Xom.
  9496 | D:9      | Found a shimmering altar of Xom.
  9497 | D:9      | Found a shimmering altar of Xom.
  9507 | D:9      | Found a shimmering altar of Xom.
  9649 | D:9      | Found a shimmering altar of Xom.
  9697 | D:9      | Found a burning altar of Makhleb.
  9864 | D:10     | Entered Level 10 of the Dungeon
  9874 | D:10     | Noticed Grum
  9883 | D:10     | Reached skill level 10 in Fighting
  9883 | D:10     | Reached skill level 5 in Dodging
  9889 | D:10     | Killed Grum
  9933 | D:10     | Noticed Maurice
  9980 | D:10     | Killed Maurice
 10035 | D:10     | Found Weit Fio's Island Escapes.
 10568 | D:10     | Reached skill level 5 in Evocations
 10898 | D:10     | Reached *** piety under Ashenzari
 10930 | D:10     | Reached XP level 11. HP: 87/91 MP: 14/14
 10974 | D:10     | Found a staircase to the Lair.
 11008 | Lair:1   | Entered Level 1 of the Lair of Beasts
 11008 | Lair:1   | Noticed Nergalle
 11015 | Lair:1   | Killed Nergalle
 11022 | Lair:1   | Reached skill level 5 in Armour
 11221 | Lair:1   | Reached skill level 10 in Staves
 11336 | Lair:1   | Noticed Joseph
 11347 | Lair:1   | Killed Joseph
 11556 | Lair:1   | Noticed an eight-headed hydra
 11574 | Lair:1   | Mangled by a ten-headed hydra

Vault maps used:
D:1:      zaba_arrival_water
D:2:      dancing_weapons_uskayaw, lemuel_doored_altar, uniq_sigmund, uniq_robin
D:3:      kennysheep_slugbush, first_bread, chequers_ecumenical_altar_island,
          st_stairs_6
D:4:      grunt_temple_overflow_open
D:5:      nicolae_overflow_crystal_walls, minmay_temple_entry_butterflies,
          uniq_prince_ribbit1
D:6:      marbit_many_paths, supply_closet_lemuel, grunt_ministairs_1,
          wad_floor_pattern_untrapped
D:7:      okawaru_trees_1, serial_shops, shop
D:8:      serial_shops, shop
D:9:      kennysheep_mini, makhleb_grotto_becter, minmay_misc_feat_x,
          xom_shifter_show, uniq_pikel
D:10:     david_lair_shrubbed, hangedman_pestilent_swarm, st_stairs_12,
          corexii_leaking_fountain, nicolae_island_escapes, uniq_grum,
          uniq_maurice
Temple:   minmay_temple_curvy_loop
Lair:1:   uniq_joseph, uniq_nergalle

Skill      XL: |  1  2  3  4  5  6  7  8  9 10 11 |
---------------+----------------------------------+-----
Staves         | 3 4 5 6 8 9 10 | 10.0
Fighting       | 3 4 5 6 8 9 10 | 10.6
Armour         | 2 4 5 |  5.4
Dodging        | 4 5 6 |  6.2
Evocations     | 3 5 |  5.8
Throwing       | |  1.7

Action                   |  1- 3 |  4- 6 |  7- 9 | 10-12 || total
-------------------------+-------+-------+-------+-------++-------
Melee: Quarterstaff      |    94 |   156 |   447 |       ||   697
       Kick              |    10 |    41 |   155 |    85 ||   291
       Lajatang          |       |       |    31 |   240 ||   271
Throw: Throwing net      |       |     3 |     1 |       ||     4
Invok: Curse Item        |       |       |     1 |       ||     1
Evoke: Wand              |       |       |     2 |     7 ||     9
  Use: Scroll            |       |       |    11 |       ||    11
       Potion            |       |       |     4 |     3 ||     7
 Stab: Sleeping          |     1 |     1 |     1 |     2 ||     5
       Held in net/web   |       |     3 |       |       ||     3
       Distracted        |       |       |       |     1 ||     1
  Eat: Chunk             |       |     4 |    17 |    11 ||    32
       Fruit             |       |       |     5 |       ||     5
Armor: Leather armour    |    42 |    62 |   116 |    54 ||   274
Dodge: Dodged            |    86 |   132 |   284 |   149 ||   651

Table legend:
 A = Spawn XP
 B = Non-spawn XP
 C = Spawn XP percentage of total XP
 D = Spawn monster count
 E = Non-spawn monster count
 F = Spawn count percentage of total count
 G = Total turns spent on level
                    A         B        C        D         E        F      G
               +---------+---------+-------+---------+---------+-------+---------
         Total |       0 |   15278 |   0.0 |       0 |     283 |   0.0 | 11574
               +---------+---------+-------+---------+---------+-------+---------
           D:1 |       0 |      60 |   0.0 |       0 |      26 |   0.0 |   858
           D:2 |       0 |     386 |   0.0 |       0 |      38 |   0.0 |   781
           D:3 |       0 |     423 |   0.0 |       0 |      37 |   0.0 |  1159
           D:4 |       0 |     335 |   0.0 |       0 |      14 |   0.0 |   810
           D:5 |       0 |     888 |   0.0 |       0 |      20 |   0.0 |  1118
           D:6 |       0 |     884 |   0.0 |       0 |      16 |   0.0 |  1482
           D:7 |       0 |     702 |   0.0 |       0 |      21 |   0.0 |   828
           D:8 |       0 |    1510 |   0.0 |       0 |      25 |   0.0 |  1430
           D:9 |       0 |    3009 |   0.0 |       0 |      33 |   0.0 |  1183
          D:10 |       0 |    3195 |   0.0 |       0 |      38 |   0.0 |  1144
        Lair:1 |       0 |    3886 |   0.0 |       0 |      15 |   0.0 |   566
               +---------+---------+-------+---------+---------+-------+---------
